 Dungeon Crawl Stone Soup version 0.26-a0-597-gb535b0901c (webtiles) character file.

Game seed: 968807772219392743

749 vurker the Chucker (level 7, -6/63 HPs)
             Began as a Minotaur Hunter on Sept 11, 2020.
             Mangled by an orc warrior
             ... wielding a +0 scimitar
              (15 damage)
             ... on level 6 of the Dungeon.
             The game lasted 00:07:17 (4829 turns).

vurker the Chucker (Minotaur Hunter)                Turns: 4829, Time: 00:07:17

Health: -6/63      AC: 12    Str: 18    XL:     7   Next: 48%
Magic:  6/6        EV: 10    Int:  4    God:
Gold:   98         SH:  0    Dex:  7    Spells: 6/6 levels left

rFire    + . .     SeeInvis +   y - +8 falchion of Duty {freeze, rPois rN+++ Int-4 Dex-4}
rCold    + . .     Faith    .   (no shield)
rNeg     + + +     Spirit   .   e - +0 scale mail
rPois    +         Reflect  .   (helmet restricted)
rElec    .         Harm     .   k - scarf {rC+ rF+}
rCorr    .                      a - +1 pair of gloves
MR       .....                  (no boots)
Stlth    ..........             h - amulet of regeneration
HPRegen  0.60/turn              b - +4 ring of protection
MPRegen  0.10/turn              n - ring of see invisible

@: no status effects
A: retaliatory headbutt, horns 2
a: no special abilities


You were on level 6 of the Dungeon.
You visited 1 branch of the dungeon, and saw 6 of its levels.

You collected 280 gold pieces.
You spent 182 gold pieces at shops.

Inventory:

Hand Weapons
 r - a +1 short sword of electrocution
   (You took it off a kobold on level 3 of the Dungeon)
 y - the +8 falchion of Duty (weapon) {freeze, rPois rN+++ Int-4 Dex-4}
   (You found it on level 5 of the Dungeon)

   It has been specially enchanted to freeze those struck by it, causing extra
   injury to most foes and up to half again as much damage against particularly
   susceptible opponents.
   It can also slow down cold-blooded creatures.
   It affects your intelligence (-4).
   It affects your dexterity (-4).
   It protects you from poison.
   It renders you almost immune to negative energy.
Missiles
 d - 2 throwing nets
 p - 6 javelins (quivered)
Armour
 a - a +1 pair of gloves (worn)
   (You found it on level 3 of the Dungeon)
 e - a +0 scale mail (worn)
   (You found it on level 1 of the Dungeon)
 k - a scarf of resistance (worn)
   (You found it on level 5 of the Dungeon)
Jewellery
 b - a +4 ring of protection (left hand)
   (You found it on level 1 of the Dungeon)
 g - an uncursed amulet of reflection
   (You found it on level 1 of the Dungeon)
 h - an amulet of regeneration (around neck)
   (You found it on level 5 of the Dungeon)
 n - a ring of see invisible (right hand)
   (You took it off a kobold on level 2 of the Dungeon)
Wands
 c - a wand of disintegration (18)
   (You found it on level 6 of the Dungeon)
 u - a wand of paralysis (5)
   (You found it on level 2 of the Dungeon)
 x - a wand of enslavement (4)
   (You took it off Ijyb on level 4 of the Dungeon)
Scrolls
 f - 4 scrolls of teleportation
 m - a scroll of remove curse
 o - 4 scrolls of fog
 q - a scroll of vulnerability {unknown}
Potions
 i - a potion of cancellation {unknown}
 j - a potion of stabbing {unknown}
 l - 2 potions of heal wounds
 s - a potion of lignification
 t - 3 potions of curing
 w - a potion of might
 z - a potion of haste
 A - a potion of mutation {unknown}


   Skills:
 + Level 6.2 Fighting
 * Level 7.9 Throwing
 - Level 2.1 Dodging
 - Level 0.7 Stealth


You had 6 spell levels left.
You didn't know any spells.
Your spell library contained the following spells:

 Spells                   Type           Power        Failure   Level
 Animate Skeleton         Necr           #.....       89%         1
 Apportation              Tloc           #.....       89%         1
 Corona                   Hex            #......      89%         1
 Shock                    Conj/Air       #...         89%         1
 Summon Small Mammal      Summ           #...         89%         1
 Swiftness                Air            #.......     96%         2
 Static Discharge         Conj/Air       #.......     99%         3
 Airstrike                Air            #.........   100%        4
 Lightning Bolt           Conj/Air       #.........   100%        5


Dungeon Overview and Level Annotations

Branches:
Dungeon (6/15)
 Temple: D:4-7

Altars:
Ashenzari
Dithmenos
Uskayaw
Xom

Shops:
D:5 }:}(!   D:6 !}


Innate Abilities, Weirdness & Mutations

You reflexively headbutt those who attack you in melee.
You have a pair of horns on your head.


Message History

The orc warrior shouts!
The orc wizard shouts! x2; The orc shouts!
There are monsters nearby!
The orc wizard hits you with a +0 dagger.
You hit the orc wizard. You freeze the orc wizard.
The orc wizard closely misses you.
You slash the orc wizard! You freeze the orc wizard.
The orc wizard hits you but does no damage.
You hit the orc warrior. You freeze the orc warrior.
You closely miss the orc warrior. The orc warrior closely misses you.
You furiously retaliate!
You headbutt the orc warrior, but do no damage.
The orc warrior hits you with a +0 scimitar.
You hit the orc warrior. You freeze the orc warrior.
The orc warrior misses you.
You riposte.
You hit the orc warrior but do no damage.
The orc wizard gestures wildly while chanting.
The orc wizard flickers and vanishes for a moment.
You closely miss the orc warrior.
The orc warrior hits you with a +0 scimitar.
You hit the orc warrior but do no damage.
You headbutt the orc warrior, but do no damage.
The orc warrior closely misses you.
You hit the orc warrior. You freeze the orc warrior.
Your headbutt misses the orc warrior. The orc warrior closely misses you.
You barely miss the orc warrior.
The orc warrior hits you with a +0 scimitar.
Your scale mail prevents you from hitting the orc warrior.
The orc warrior closely misses you. You furiously retaliate!
You headbutt the orc warrior, but do no damage.
You riposte.
You barely miss the orc warrior. You hit the orc warrior.
You freeze the orc warrior. Your headbutt misses the orc warrior.
The orc wizard gestures wildly while chanting.
The orc wizard flickers and vanishes for a moment.
The orc warrior hits you with a +0 scimitar.
You hit the orc warrior but do no damage.
You headbutt the orc warrior, but do no damage.
The orc warrior hits you with a +0 scimitar!
You hit the orc warrior. You freeze the orc warrior.
The orc warrior hits you with a +0 scimitar!
* * * LOW HITPOINT WARNING * * *
You barely miss the orc warrior. You headbutt the orc warrior.
The orc warrior hits you with a +0 scimitar!
* * * LOW HITPOINT WARNING * * *
You barely miss the orc warrior. Your headbutt misses the orc warrior.
The orc warrior hits you with a +0 scimitar!
* * * LOW HITPOINT WARNING * * *
You closely miss the orc warrior. The orc warrior closely misses you.
The orc warrior hits you with a +0 scimitar!
You die...

.... ..................>#.#.####
###########.##.#.#####.#.#.#....#
....... ....#.........#.#.###.##
####### ####.###.#######.#.# #.#
....... #..##.# #.#.# #.# .......
#..##.# #.#.###.## ####...
#..##.# #.#......# .......
#.)##.# #.♣.######
....[#######..##@# ♣.∩.♣
####........oo.#o#######.♣##
##.....#.#o#.........#
#....o#..o#.#########
#...oo##....# +.....##..###
#.....##..# #.....###># # ####.##
###


You could see an orc warrior and 2 orc wizards.

Vanquished Creatures
  A phantom (D:6)
  A scorpion (D:4)
  2 orc wizards (D:3)
  Jessica (D:3)
  Ijyb (D:4)
  Terence (D:3)
  Natasha (thrice) (D:3)
  An iguana (D:5)
  5 worker ants
  A hound zombie (D:5)
  A mummy (D:6)
  A howler monkey zombie (D:5)
  9 adders
  3 gnolls (D:2)
  2 oozes
  An adder zombie (D:6)
  2 worms
  4 dart slugs
  4 leopard geckos
  7 orcs
  3 giant cockroaches
  5 goblins
  9 hobgoblins
  8 jackals
  2 ball pythons (D:1)
  7 bats
  7 frilled lizards
  4 hobgoblin zombies (D:6)
  7 kobolds
  10 rats
113 creatures vanquished.

Notes
Turn   | Place    | Note
-------+----------+-------------------------------------------
     0 | D:1      | vurker the Minotaur Hunter began the quest for the Orb.
     0 | D:1      | Reached XP level 1. HP: 18/18 MP: 0/0
   276 | D:1      | Reached XP level 2. HP: 25/25 MP: 1/1
   683 | D:1      | Reached XP level 3. HP: 31/31 MP: 2/2
  1206 | D:2      | Reached skill level 5 in Throwing
  1402 | D:2      | Reached XP level 4. HP: 40/40 MP: 3/3
  1964 | D:3      | Noticed Natasha
  1974 | D:3      | Killed Natasha
  2035 | D:3      | Reached XP level 5. HP: 46/46 MP: 4/4
  2124 | D:3      | Noticed Natasha
  2133 | D:3      | Killed Natasha
  2141 | D:3      | Noticed Natasha
  2144 | D:3      | Killed Natasha
  2144 | D:3      | Reached skill level 6 in Throwing
  2402 | D:3      | Noticed Terence
  2404 | D:3      | Killed Terence
  2450 | D:3      | Reached XP level 6. HP: 36/55 MP: 5/5
  2472 | D:3      | Reached skill level 5 in Fighting
  2890 | D:3      | Noticed Jessica
  2896 | D:3      | Killed Jessica
  3163 | D:4      | Noticed Ijyb
  3179 | D:4      | Killed Ijyb
  3471 | D:4      | Reached skill level 7 in Throwing
  3630 | D:5      | Entered Level 5 of the Dungeon
  3630 | D:5      | Found Toczaubb's Book Shoppe.
  3635 | D:5      | Got a jewelled falchion
  3637 | D:5      | Identified the +8 falchion of Duty {freeze, rPois rN+++
                  | Int-4 Dex-4} (You found it on level 5 of the Dungeon)
  3874 | D:5      | Reached XP level 7. HP: 62/62 MP: 6/6
  4060 | D:5      | Found Maigel's Weapon Boutique.
  4073 | D:5      | Found Ateosyo's Gadget Emporium.
  4132 | D:5      | Found Xuoghuk's Distillery.
  4137 | D:5      | Bought a potion of curing for 42 gold pieces
  4170 | D:5      | Found Ciown's Gadget Shop.
  4225 | D:5      | Found a shimmering altar of Xom.
  4242 | D:5      | Found a shadowy altar of Dithmenos.
  4245 | D:5      | Found a shattered altar of Ashenzari.
  4248 | D:5      | Found a hide-covered altar of Uskayaw.
  4661 | D:6      | Found Pufej's Distillery.
  4685 | D:6      | Bought 2 potions of heal wounds for 140 gold pieces
  4709 | D:6      | Found Toruesko's Gadget Emporium.
  4829 | D:6      | Mangled by an orc warrior

Illustrated notes

Levels and vault maps discovered:
D:1:      dpeg_arrival_erosion, layout_basic
D:2:      layout_basic, dk_noncrumbling_2
D:3:      layout_loops_cross, uniq_terence, uniq_natasha, uniq_jessica
D:4:      layout_loops_ring, uniq_ijyb
D:5:      layout_cave_pods, grunt_temple_overflow_cloverleaf, serial_shops,
          shop, kennysheep_little_box, nicolae_shop_behind_doors, shop, shop
D:6:      layout_basic, serial_shops, nicolae_shop_trees, shop,
          grunt_decor_one_mirror, minmay_mini_ossuary, uniq_pikel, uniq_duvessa

Skill      XL: |  1  2  3  4  5  6  7 |
---------------+----------------------+-----
Fighting       | 3 4 5 6 |  6.2
Throwing       | 5 6 7 |  7.9
Dodging        | |  2.1
Stealth        | |  0.7

Action                   |  1- 3 |  4- 6 |  7- 9 || total
-------------------------+-------+-------+-------++-------
Melee: Short sword       |   106 |   161 |       ||   267
       Headbutt          |    10 |    25 |    10 ||    45
       Falchion          |       |    13 |    59 ||    72
  Use: Scroll            |       |    10 |     2 ||    12
Armor: Scale mail        |    35 |    98 |    18 ||   151
       Leather armour    |     1 |       |       ||     1
Dodge: Dodged            |    40 |   104 |    28 ||   172
Block: Other             |    14 |    34 |       ||    48
       Rpst.: Falchion   |       |     1 |     8 ||     9

Table legend: (Time is in decaauts)
 A = Elapsed time spent in this place.
 B = Non-inter-level travel time spent in this place.
 C = Inter-level travel time spent in this place.
 D = Time resting spent in this place.
 E = Time spent auto-exploring this place.
 F = Levels seen in this place.
 G = Mean time per level.
                   A        B        C        D        E       F      G
               +--------+--------+--------+--------+--------+-----+--------+
         Total |   4873 |   4650 |    223 |      0 |   3837 |   6 |  812.2 |
       Dungeon |   4873 |   4650 |    223 |      0 |   3837 |   6 |  812.2 |
               +--------+--------+--------+--------+--------+-----+--------+

Top non-repeatable levels by time:
     D:1: 1045 daAuts
     D:3: 977 daAuts
     D:2: 932 daAuts
     D:5: 798 daAuts
     D:4: 744 daAuts
     D:6: 375 daAuts
